cohdb
Replays
Latest Replays
All Replays
Popular Replays
Top Player Replays
Match Explorer
How It Works
Community
CoH3 Stats
Reddit
Sign in to upload your games and track your stats! →
Sign in with Steam
Match 46751386
Unlisted
Match 46751386
Overview
Messages
Build Orders
End
Construct Barracks
Selects Armored Battlegroup
Selects Veteran Crews
Engineer Squad
1⁄4-ton 4x4 Truck
1⁄4-ton 4x4 Truck
Riflemen Squad
Riflemen Squad
Grenade Package
Construct Medical Station
Infantry Support Center
Riflemen Squad
Construct Motor Pool
M24 Chaffee Light Tank
Selects Fast Deploy
M1918 Browning Automatic Rifles
Selects M31 Recovery Vehicle
M24 Chaffee Light Tank
Riflemen Squad
Selects M8 Scott SPG
Scout Squad
Selects UNKNOWN (2160077)
Selects War Machine
Construct Tank Depot
M4A3E8 Sherman Easy Eight
Riflemen Squad
M31 Recovery Vehicle
M4A3E8 Sherman Easy Eight
M18 Hellcat Tank Destroyer
Scout Squad
M18 Hellcat Tank Destroyer
Riflemen Squad
M4A3E8 Sherman Easy Eight
Bego
aSIIDemolitionHammer
mr_ako
Miles '+'
0
0
Comments
sign in to comment!
No comments posted yet!